Map: 光影交错-天梯版

Players

iGMacSed (MacSed) - Winner!

  • Race: Protoss Protoss
  • League: Grandmaster

cyan

  • Race: Protoss Protoss
  • League: Master

Event: DreamHack SC2 Masters 2021 Fall

VOD

Have the link to the VOD?

Description

Time

  • Played on: Aug. 8, 2021, 7:13 a.m.
  • Length: 9:45

All games in this series

Show
View Real Time Build Order
Export as new Build Order

iGMacSed Protoss - Winner!

Build Orders: Blink Stalkers, Zealot Archon 

Get SALT Encoding   

  12  0:00  Probe  
  13  0:12  Probe  
  14  0:16  Pylon  
  14  0:24  Probe (Chrono Boost)  
  15  0:36  Gateway, Probe (Chrono Boost)  
  16  0:43  Probe (Chrono Boost)  
  16  0:46  Assimilator  
  17  0:51  Probe  
  17  0:56  Assimilator  
  18  1:03  Probe (Chrono Boost)  
  19  1:08  Gateway  
  19  1:15  Probe (Chrono Boost)  
  20  1:22  Probe (Chrono Boost)  
  20  1:24  Cybernetics Core  
  21  1:29  Probe  
  22  1:35  Pylon  
  22  1:41  Probe  
  23  1:53  Probe  
  24  2:00  Warp Gate  
  26  2:01  Sentry  
  26  2:03  Stalker  
  28  2:09  Pylon  
  28  2:14  Shield Battery  
  28  2:16  Probe  
  29  2:26  Pylon  
  29  2:31  Sentry  
  31  2:44  Sentry  
  31  2:45  Nexus  
  31  2:49  Probe (Chrono Boost)  
  34  2:54  Shield Battery  
  34  3:01  Probe (Chrono Boost)  
  35  3:07  Probe (Chrono Boost)  
  35  3:08  Pylon  
  36  3:15  Probe (Chrono Boost)  
  37  3:21  Twilight Council  
  37  3:26  Probe (Chrono Boost)  
  38  3:30  Forge  
  38  3:31  Probe (Chrono Boost)  
  39  3:42  Probe  
  41  3:57  Probe (Chrono Boost)  
  41  3:58  Probe (Chrono Boost)  
  41  3:59  Protoss Ground Weapons Level 1 (Chrono Boost), Blink (Chrono Boost)  
  42  4:06  Probe (Chrono Boost)  
  42  4:09  Robotics Facility, Probe (Chrono Boost)  
  44  4:14  Probe (Chrono Boost)  
  45  4:18  Probe (Chrono Boost)  
  47  4:26  Probe (Chrono Boost)  
  47  4:27  Probe (Chrono Boost)  
  48  4:31  Gateway  
  48  4:32  Gateway, Probe  
  48  4:35  Probe  
  50  4:40  Assimilator  
  50  4:45  Probe  
  51  4:48  Pylon  
  51  4:51  Probe  
  52  4:57  Nexus  
  52  4:59  Pylon  
  53  5:00  Observer, Probe  
  53  5:03  Probe  
  55  5:11  Stalker x2  
  55  5:12  Probe  
  60  5:15  Probe  
  61  5:22  Shield Battery  
  61  5:24  Probe  
  61  5:27  Probe  
  63  5:29  Adept  
  63  5:30  Adept  
  67  5:36  Shield Battery  
  67  5:37  Probe  
  67  5:39  Stalker x2  
  67  5:40  Probe  
  73  5:49  Probe  
  74  5:51  Pylon  
  74  5:52  Protoss Ground Weapons Level 2 (Chrono Boost), Probe  
  74  5:55  Stalker  
  77  6:01  Probe  
  78  6:08  Charge, Probe  
  78  6:09  Probe  
  80  6:13  Probe  
  80  6:17  Pylon  
  81  6:21  Probe  
  82  6:29  Gateway  
  82  6:30  Gateway  
  82  6:34  Gateway  
  82  6:36  Probe  
  79  6:41  Gateway  
  79  6:42  Templar Archives  
  79  6:44  Stalker x4  
  79  6:45  Probe  
  79  6:46  Probe  
  89  6:49  Pylon  
  89  6:51  Assimilator, Probe  
  90  6:57  Assimilator  
  90  7:04  Gateway  
  90  7:06  Gateway  
  90  7:10  Probe  
  90  7:12  Probe  
  92  7:19  High Templar x2, Zealot x2  
  100  7:23  Zealot  
  100  7:24  Archon  
  100  7:29  Pylon  
  102  7:30  Pylon, Zealot x2  
  102  7:31  Pylon  
  102  7:34  Pylon  
  102  7:36  Nexus  
  106  7:41  High Templar x2  
  110  7:44  Warp Prism  
  110  7:46  Archon, Zealot x2  
  116  7:54  Zealot x4  
  116  7:57  Photon Cannon  
  124  8:03  High Templar x2  
  128  8:08  Archon, Zealot x2  
  131  8:14  Shield Battery  
  123  8:20  Zealot x6  
  123  8:21  Observer  
  128  8:30  Zealot x2  
  112  8:35  Stalker  
  112  8:36  Stalker  
  106  8:42  High Templar x2  
  106  8:43  Zealot x4  
  106  8:47  Archon  
  116  8:50  Probe x3  
  119  8:56  Probe  
  119  9:01  High Templar  
  119  9:02  High Templar, Zealot x2  
  128  9:03  Zealot x3  
  128  9:04  Zealot  
  128  9:07  Archon  
  128  9:09  Probe x2  
  124  9:25  Zealot x7  
  132  9:34  Stalker x3  
Show
View Real Time Build Order
Export as new Build Order

cyan Protoss 

Build Orders: Phoenix Opening, Blink Stalkers, Zealot Archon 

Get SALT Encoding   

  12  0:00  Probe  
  13  0:12  Probe  
  14  0:17  Pylon  
  14  0:24  Probe (Chrono Boost)  
  15  0:36  Probe (Chrono Boost)  
  15  0:38  Gateway  
  16  0:44  Probe (Chrono Boost)  
  16  0:46  Assimilator  
  17  0:51  Probe  
  17  0:54  Assimilator  
  18  1:03  Probe (Chrono Boost)  
  19  1:07  Gateway  
  19  1:12  Probe (Chrono Boost)  
  19  1:17  Probe (Chrono Boost)  
  21  1:27  Cybernetics Core  
  21  1:29  Probe  
  22  1:34  Pylon  
  22  1:41  Probe  
  23  1:54  Probe  
  24  2:04  Sentry, Stalker  
  24  2:06  Probe  
  24  2:07  Warp Gate  
  29  2:11  Pylon  
  29  2:18  Probe  
  30  2:31  Stalker  
  30  2:35  Stalker  
  33  2:38  Phoenix  
  33  2:50  Nexus  
  33  2:55  Probe  
  34  3:05  Twilight Council  
  34  3:12  Sentry  
  36  3:13  Pylon  
  36  3:16  Probe  
  37  3:28  Probe  
  37  3:34  Blink  
  38  3:35  Forge  
  38  3:40  Shield Battery, Probe (Chrono Boost)  
  39  3:51  Probe (Chrono Boost)  
  40  3:58  Probe (Chrono Boost)  
  40  4:02  Probe (Chrono Boost)  
  42  4:06  Protoss Ground Weapons Level 1 (Chrono Boost)  
  43  4:11  Probe (Chrono Boost)  
  43  4:12  Sentry, Probe (Chrono Boost)  
  43  4:16  Probe (Chrono Boost)  
  46  4:19  Probe  
  48  4:26  Robotics Facility  
  48  4:29  Probe (Chrono Boost)  
  49  4:35  Stalker  
  49  4:37  Probe (Chrono Boost)  
  52  4:40  Probe (Chrono Boost)  
  52  4:42  Pylon  
  52  4:45  Probe x2 (Chrono Boost)  
  54  4:50  Gateway x2  
  55  4:55  Probe  
  55  4:56  Stalker  
  55  4:58  Probe  
  59  5:01  Assimilator  
  59  5:14  Nexus  
  59  5:15  Observer  
  59  5:19  Shield Battery  
  60  5:26  Probe x2  
  62  5:35  Gateway  
  62  5:36  Gateway  
  62  5:37  Charge  
  62  5:38  Probe x2  
  64  5:45  Pylon  
  64  5:50  Probe x2  
  66  5:57  Gateway  
  66  6:02  Probe  
  66  6:03  Observer  
  68  6:05  Protoss Ground Weapons Level 2 (Chrono Boost), Gateway, Probe  
  68  6:06  Templar Archives, Zealot  
  68  6:10  Zealot  
  73  6:17  Probe  
  74  6:20  Probe  
  75  6:25  Zealot x2  
  75  6:28  Probe  
  75  6:29  Probe  
  79  6:34  Probe  
  79  6:39  Warp Prism  
  80  6:41  Probe  
  80  6:42  Probe  
  80  6:46  Zealot  
  84  6:50  Pylon  
  84  6:52  Zealot  
  84  6:53  Zealot  
  88  6:54  Probe  
  88  6:57  Probe  
  88  6:59  Probe  
  88  7:01  Assimilator  
  91  7:05  Assimilator, Zealot  
  94  7:08  Pylon, Probe  
  94  7:09  Probe  
  94  7:12  Probe  
  96  7:16  Pylon  
  96  7:18  High Templar x2  
  96  7:20  Probe  
  101  7:26  Archon  
  101  7:29  High Templar x2, Zealot  
  107  7:30  Zealot  
  107  7:33  Pylon  
  107  7:34  Archon  
  107  7:35  Pylon  
  109  7:40  Pylon  
  109  7:41  Zealot x2  
  113  7:50  Gateway  
  113  7:51  Gateway  
  113  7:54  High Templar x2, Zealot x2  
  121  7:58  Archon  
  121  7:59  Pylon  
  121  8:09  Zealot x5  
  131  8:15  Zealot  
  109  8:28  Zealot x4  
  109  8:30  Zealot x3  
  93  8:34  Zealot x3  
  93  8:35  Warp Prism  
  79  8:43  High Templar  
  79  8:47  High Templar  
  79  8:48  High Templar x2  
  85  8:49  Zealot  
  85  8:50  Zealot  
  85  8:51  Shield Battery  
  85  8:53  Archon, Zealot  
  85  8:54  Shield Battery, Zealot x2, Archon  
  95  8:57  Zealot  
  97  9:04  High Templar x2  
  97  9:05  Shield Battery  
  97  9:08  Archon  
  101  9:11  Observer  
  101  9:14  Zealot x2  
  101  9:15  Zealot  
  108  9:19  Zealot x3  
  86  9:26  Zealot x2  

Tags
 
Add a new tag
Caveats
  • Supply blocks, unpowered buildings, or Contaminate may cause inaccurate times.
  • Supply counts are checked every 10 seconds.